 Dungeon Crawl Stone Soup version 0.19.4-10-g532645f (webtiles) character file.

48454 Gargoyl the Protected (level 14, -22/118 HPs)
             Began as a Ghoul Abyssal Knight on Feb 22, 2017.
             Was a High Priest of Lugonu.
             Killed from afar by a fire dragon (54 damage)
             ... with a blast of flame
             ... on level 6 of the Lair of Beasts on Feb 23, 2017.
             The game lasted 00:49:17 (19325 turns).

Gargoyl the Protected (Ghoul Abyssal Knight)       Turns: 19325, Time: 00:49:18

Health: -22/118    AC: 27    Str: 16 (17) XL:     14   Next: 46%
Magic:  17/21      EV:  4    Int:  7      God:    Lugonu [*****.]
Gold:   967        SH: 16    Dex: 14      Spells: 0 memorised, 13 levels left

rFire  . . .     SeeInvis .     w - +7 falchion (elec)
rCold  + . .     Gourm    .     M - +3 plate armour
rNeg   + + +     Faith    .     d - +0 large shield
rPois  ∞         Spirit   .     P - +1 helmet
rElec  .         Reflect  .     q - +2 cloak
rCorr  .         Harm     .     a - +2 pair of gloves
MR     ++++.                    (no boots)
Stlth  ..........               (no amulet)
                                Q - ring "Wuclypodgh" {Wiz MR++ Dex+2}
                                l - ring of protection from magic

@: rotting
A: rotting body, claws 1, carnivore 3, cold resistance 1, negative energy
resistance 3, slow regeneration 1, torment resistance, unbreathing
a: Depart the Abyss, Bend Space, Banish, Corrupt, Enter the Abyss, Renounce
Religion


You were on level 6 of the Lair of Beasts.
You worshipped Lugonu.
Lugonu was extremely pleased with you.
You were not hungry.

You visited 2 branches of the dungeon, and saw 18 of its levels.
You visited the Abyss 1 time.
You also visited: Labyrinth.

You collected 1114 gold pieces.
You spent 147 gold pieces at shops.

Inventory:

Hand Weapons
 e - a +0 broad axe
 r - a +0 broad axe
 w - a +7 falchion of electrocution (weapon)
 G - a +1 hand axe of flaming
Missiles
 K - 6 javelins (quivered)
Armour
 a - a +2 pair of gloves (worn)
 d - a +0 large shield (worn)
 q - a +2 cloak (worn)
 M - a +3 plate armour (worn)
 P - a +1 helmet (worn)
Jewellery
 l - a ring of protection from magic (left hand)
 Q - the ring "Wuclypodgh" (right hand) {Wiz MR++ Dex+2}
   (You found it on level 5 of the Lair of Beasts)

   [ring of wizardry]

   It improves your spell success rate.
   It affects your dexterity (+2).
   It affects your resistance to hostile enchantments.
 V - an uncursed ring of ice
 Y - a +4 ring of dexterity
Wands
 u - a wand of disintegration (22/24)
 v - a wand of digging (13/24)
 z - a wand of paralysis (3/24)
 A - a wand of teleportation (4/9)
 B - a wand of teleportation (2/9)
 C - a wand of flame (22/48)
 H - a wand of teleportation (6/9)
 J - a wand of hasting (3/9)
Scrolls
 b - 3 scrolls of blinking
 f - 8 scrolls of teleportation
 i - 12 scrolls of remove curse
 m - a scroll of magic mapping
 o - 2 scrolls of identify
 s - 2 scrolls of summoning
 t - a scroll of enchant armour
 y - a scroll of fog
 D - a scroll of recharging
Potions
 h - a potion of might
 j - a potion of agility
 n - 2 potions of curing
 p - 2 potions of heal wounds
 E - 4 potions of flight
 F - 2 potions of brilliance
Comestibles
 c - 15 meat rations
 g - 5 chunks of flesh
 k - 8 slices of pizza
 x - 2 beef jerkies


   Skills:
 + Level 9.6 Fighting
 + Level 10.4 Long Blades
 + Level 4.4 Axes
 + Level 0.8 Throwing
 * Level 11.7 Armour
 + Level 3.6 Dodging
 - Level 0.2 Stealth
 + Level 10.2 Shields
 * Level 11.5 Invocations


You had 13 spell levels left.
You didn't know any spells.

Dungeon Overview and Level Annotations

Branches:
Dungeon (12/15)            Temple (0/1) D:5            Lair (6/6) D:11
  Swamp (0/4) Lair:4       Spider (0/4) Lair:2        Slime (0/5) Lair:6
    Orc (0/2) D:11

Altars:
Makhleb
Nemelex Xobeh
Okawaru
Qazlal
Ru
Sif Muna
Uskayaw
Vehumet
Xom
Jiyva

Shops:
D:5 :   D:10 }?

Annotations:
D:5 harcile's ghost, amateur HuFE
Lair:1 exclusion: 3 oklob plants


Innate Abilities, Weirdness & Mutations

Your body is rotting away.
You thrive on raw meat.
You are immune to poison.
You have sharp fingernails.
You are carnivorous and can eat meat at any time.
Your flesh is cold resistant. (rC+)
You are immune to negative energy. (rN+++)
You regenerate slowly when monsters are visible.
You are immune to unholy pain and torment.
You can survive without breathing.


Message History

You closely miss the fire dragon.
The fire dragon is moderately wounded.
The fire dragon bites you!
* * * LOW HITPOINT WARNING * * *
You block the fire dragon's attack. x2
A crocodile comes into view.
You hit the fire dragon but do no damage.
The fire dragon is moderately wounded.
You feel much better.
The steam dragon hisses angrily.
You block the fire dragon's attack. The fire dragon barely misses you.
You block the fire dragon's attack.
Press: ? - help, Shift-Dir - straight line, f - fire dragon
Aim: a fire dragon (lightly wounded, chance to defeat MR: 59%)
The fire dragon resists with significant effort.
You feel somewhat more hungry.
Lugonu is no longer ready to corrupt your weapon.
The fire dragon breathes flames at you. The blast of flame hits you!
You die...

♣♣♣♣♣♣ ♣♣♣≈≈..♣♣
♣.≈≈≈≈..♣♣
♣♣.≈≈≈≈≈P.♣♣
♣♣♣÷.≈≈♣≈≈≈@.♣
♣♣.[P≈≈♣.≈≈D≈.♣
♣♣...≈≈♣♣♣P≈≈≈≈..
♣...≈≈♣♣....≈≈≈≈.♣
♣♣..≈≈♣♣♣$$..≈≈.♣♣♣
♣♣.♣.÷≈♣♣.:(.≈≈t≈.
♣...P≈≈♣♣♣$?.≈≈≈D.
♣P.P)≈..♣♣)...≈≈≈≈.
♣♣.♣♣≈≈≈..♣


You could see a fire dragon, a steam dragon and a crocodile.

Vanquished Creatures
  Snorg (Lair:3)
  A minotaur (Lab)
  Fannar (Lair:2)
  4 hydras
  An ice dragon (Lair:2)
  A centaur warrior (D:7)
  5 death yaks
  Urug (Lair:4)
  Sonja (Lair:1)
  3 hill giants
  An unseen horror (D:11)
  Pikel (D:9)
  2 manticores
  3 black mambas
  Maurice (D:9)
  Joseph (D:10)
  8 elephants
  6 spiny frogs
  3 rime drakes (Lair:6)
  9 komodo dragons
  A polar bear (Lair:2)
  A minotaur skeleton (Lab)
  A hornet (D:11)
  2 two-headed ogres
  2 dream sheep (D:8)
  15 blink frogs
  11 hippogriffs
  4 redbacks
  A wyvern (Lair:6)
  2 basilisks (Lair:6)
  26 yaks
  The ghost of tschems the Skirmisher, an amateur HuFi (D:3)
  2 steam dragons (Lair:6)
  6 hungry ghosts
  A mottled dragon (Lair:6)
  A swamp worm (Lair:4)
  Edmund (D:5)
  11 water moccasins
  12 porcupines
  2 sky beasts
  4 ice beasts
  2 swamp drakes (Lair:6)
  4 black bears
  2 orc warriors
  2 eyes of draining
  A necrophage (D:10)
  10 centaurs
  12 ogres
  14 wolves
  12 crocodiles
  5 big kobolds
  13 bullfrogs
  A wyvern zombie (D:11)
  4 scorpions
  A wyvern skeleton (D:10)
  6 killer bees (D:9)
  A howler monkey (D:5)
  3 electric eels (Lair:4)
  5 crimson imps
  5 jellies
  3 bullfrog zombies
  8 hounds
  3 orc priests
  Crazy Yiuf (D:2)
  3 bullfrog skeletons
  Jessica (D:2)
  Natasha (twice) (D:2)
  4 orc wizards
  5 iguanas
  10 worker ants
  A killer bee zombie (D:5)
  A hound zombie (D:5)
  3 hound skeletons
  2 worker ant zombies
  13 adders
  7 gnolls (D:4)
  A shadow imp (D:10)
  A white imp (Abyss:1)
  An ooze (D:2)
  An adder skeleton (D:4)
  5 worms
  A dart slug (D:1)
  4 leopard geckos
  52 orcs
  5 bats
  5 giant cockroaches
  7 goblins
  8 hobgoblins
  14 jackals
  6 quokkas
  2 ball pythons
  7 frilled lizards
  A giant cockroach zombie (D:5)
  11 kobolds
  A leopard gecko skeleton (D:4)
  4 rats
468 creatures vanquished.

Vanquished Creatures (collateral kills)
  A worker ant (D:9)
1 creature vanquished.

Vanquished Creatures (others)
  An unseen horror (D:10)
  An orc knight (D:8)
  An oklob plant (D:9)
  2 ugly things (D:11)
  A gargoyle (D:11)
  A komodo dragon (Lair:2)
  2 wolves (Lair:5)
  8 fungi
  7 plants
24 creatures vanquished.

Grand Total: 493 creatures vanquished

Notes
Turn   | Place    | Note
-------+----------+-------------------------------------------
     0 | Abyss:1  | Gargoyl the Ghoul Abyssal Knight began the quest for the Orb.
     0 | Abyss:1  | Reached XP level 1. HP: 19/19 MP: 1/1
    86 | Abyss:1  | Reached XP level 2. HP: 17/27 MP: 2/2
   131 | Abyss:1  | Noticed a large abomination
   157 | Abyss:1  | Noticed a hornet
   161 | D:1      | Escaped the Abyss
   718 | D:1      | Reached * piety under Lugonu
   895 | D:2      | Found a hide-covered altar of Uskayaw.
   951 | D:2      | Reached skill level 1 in Dodging
   951 | D:2      | Reached XP level 3. HP: 22/33 MP: 3/3
  1027 | D:2      | Noticed Jessica
  1034 | D:2      | Killed Jessica
  1034 | D:2      | Reached skill level 1 in Shields
  1034 | D:2      | Reached XP level 4. HP: 35/39 MP: 4/4
  1392 | D:2      | Found a burning altar of Makhleb.
  1411 | D:2      | Reached XP level 5. HP: 27/45 MP: 6/6
  1864 | D:2      | Found a runed door.
  1914 | D:2      | Noticed Natasha
  1927 | D:2      | Killed Natasha
  1994 | D:2      | Noticed Crazy Yiuf
  2001 | D:2      | Killed Crazy Yiuf
  2028 | D:2      | Noticed Natasha
  2034 | D:2      | Killed Natasha
  2034 | D:2      | Reached ** piety under Lugonu
  2034 | D:2      | Reached XP level 6. HP: 49/52 MP: 7/7
  2180 | D:3      | Found a sacrificial altar of Ru.
  2477 | D:3      | Noticed tschems's ghost (amateur HuFi)
  2488 | D:3      | Killed tschems's ghost
  3051 | D:4      | Reached XP level 7. HP: 34/60 MP: 8/8
  3145 | D:4      | Reached *** piety under Lugonu
  3360 | D:4      | Found an iron altar of Okawaru.
  4159 | D:5      | Entered Level 5 of the Dungeon
  4186 | D:5      | Reached skill level 1 in Long Blades
  4186 | D:5      | Reached XP level 8. HP: 56/67 MP: 10/10
  4403 | D:5      | Reached skill level 5 in Fighting
  4484 | D:5      | Reached **** piety under Lugonu
  4509 | D:5      | Found Ducid's Book Emporium.
  4509 | D:5      | Noticed Edmund
  4515 | D:5      | Killed Edmund
  4588 | D:5      | Found a staircase to the Ecumenical Temple.
  4592 | D:5      | Noticed harcile's ghost (amateur HuFE)
  4640 | D:5      | Reached skill level 5 in Invocations
  4794 | D:5      | Found a stormy altar of Qazlal.
  4796 | D:5      | Noticed an air elemental
  4796 | D:5      | Noticed a water elemental
  4969 | D:6      | Reached skill level 5 in Armour
  4974 | D:6      | Reached XP level 9. HP: 48/74 MP: 11/11
  6646 | D:8      | Noticed a two-headed ogre
  6651 | D:8      | Killed a two-headed ogre
  6774 | D:8      | Reached skill level 5 in Shields
  6907 | D:8      | Reached skill level 5 in Long Blades
  6907 | D:8      | Reached XP level 10. HP: 24/83 MP: 0/13
  7015 | D:8      | Found a deep blue altar of Sif Muna.
  7015 | D:8      | Found a radiant altar of Vehumet.
  7015 | D:8      | Noticed a hill giant
  7033 | D:8      | Killed a hill giant
  7039 | D:8      | Reached ***** piety under Lugonu
  7076 | D:8      | Noticed a centaur warrior
  7077 | D:8      | Noticed an orc knight
  7192 | D:7      | Killed a centaur warrior
  7344 | D:8      | Banished an orc knight
  7984 | D:8      | Noticed a three-headed hydra
  7991 | D:8      | Killed a one-headed hydra
  7991 | D:8      | Reached XP level 11. HP: 76/92 MP: 15/15
  8271 | D:9      | Found a sparkling altar of Nemelex Xobeh.
  8272 | D:9      | Noticed an oklob plant
  8285 | D:9      | Banished an oklob plant
  8608 | D:9      | Noticed Maurice
  8648 | D:9      | Killed Maurice
  8960 | D:9      | Noticed Pikel
  8972 | D:9      | Killed Pikel
  9079 | D:10     | Entered Level 10 of the Dungeon
  9139 | D:10     | Noticed Joseph
  9151 | D:10     | Killed Joseph
  9392 | D:10     | Found Echuedwu's Quality Used Wands.
  9532 | D:10     | Found Saenois's Magic Scroll Emporium.
  9543 | D:10     | Bought a scroll of teleportation for 42 gold pieces
  9543 | D:10     | Bought a scroll of enchant armour for 105 gold pieces
  9751 | D:10     | Noticed a hill giant
  9769 | D:10     | Killed a hill giant
  9781 | D:10     | Banished an unseen horror
 10022 | D:11     | Noticed a hill giant
 10032 | D:11     | Killed a hill giant
 10111 | D:11     | Noticed a red ugly thing
 10118 | D:11     | Banished a red ugly thing
 10392 | D:11     | Noticed a purple ugly thing
 10393 | D:11     | Noticed a manticore
 10394 | D:11     | Found a staircase to the Orcish Mines.
 10409 | D:11     | Banished a purple ugly thing
 10442 | D:11     | Killed a manticore
 10544 | D:11     | Reached XP level 12. HP: 79/100 MP: 17/17
 10882 | D:11     | Found a staircase to the Lair.
 11301 | Lair:1   | Entered Level 1 of the Lair of Beasts
 11878 | Lair:1   | Noticed Sonja
 12058 | Lair:1   | Killed Sonja
 12366 | Lair:2   | Found a labyrinth entrance.
 12416 | Lab      | Entered a labyrinth
 13086 | Lab      | Noticed a minotaur
 13101 | Lab      | Killed a minotaur
 13335 | Lair:2   | Noticed a six-headed hydra
 13346 | Lair:2   | Killed a one-headed hydra
 13379 | Lair:2   | Found a hole to the Spider Nest.
 13387 | Lair:2   | Noticed Fannar
 13435 | Lair:2   | Killed Fannar
 13435 | Lair:2   | Reached skill level 10 in Armour
 13666 | Lair:2   | Reached skill level 10 in Invocations
 13830 | Lair:2   | Reached XP level 13. HP: 102/108 MP: 19/19
 14192 | Lair:2   | Noticed an ice dragon
 14220 | Lair:2   | Killed an ice dragon
 14953 | Lair:3   | Found a sacrificial altar of Ru.
 15518 | Lair:4   | Noticed Snorg
 15578 | Lair:3   | Killed Snorg
 15650 | Lair:4   | Got a sapphire mace
 15651 | Lair:4   | Identified the +7 mace of Cocytus {protect, +Rage} (You found it on level 4 of the Lair of Beasts)
 15708 | Lair:4   | Found a shimmering altar of Xom.
 15744 | Lair:4   | Noticed Urug
 15767 | Lair:4   | Killed Urug
 15892 | Lair:4   | Found a staircase to the Swamp.
 16714 | Lair:5   | Got a translucent lapis lazuli ring
 17113 | Lair:5   | Identified the ring "Wuclypodgh" {Wiz MR++ Dex+2} (You found it on level 5 of the Lair of Beasts)
 18051 | Lair:6   | Entered Level 6 of the Lair of Beasts
 18207 | Lair:6   | Reached XP level 14. HP: 116/118 MP: 21/21
 18240 | Lair:6   | Reached skill level 10 in Long Blades
 18599 | Lair:6   | Found a viscous altar of Jiyva.
 18599 | Lair:6   | Found a staircase to the Slime Pits.
 18757 | Lair:6   | Reached skill level 10 in Shields
 19298 | Lair:6   | Reached ****** piety under Lugonu
 19325 | Lair:6   | Killed from afar by a fire dragon

Skill      XL: |  1  2  3  4  5  6  7  8  9 10 11 12 13 14 |
---------------+-------------------------------------------+-----
Armour         | 2 3 4 5 6 7 9 10 11 | 11.7
Dodging        | 1 2 3 |  3.6
Axes           | 2 3 4 |  4.4
Shields        | 1 2 3 4 5 6 8 9 10 | 10.2
Invocations    | 3 4 5 6 7 9 10 11 | 11.5
Fighting       | 4 5 6 7 8 9 |  9.6
Long Blades    | 1 3 5 6 7 9 10 | 10.4
Throwing       | |  0.8
Stealth        | |  0.2

Action                   |  1- 3 |  4- 6 |  7- 9 | 10-12 | 13-15 || total
-------------------------+-------+-------+-------+-------+-------++-------
Melee: Hand axe          |    64 |   114 |       |    18 |    25 ||   221
       War axe           |       |    82 |       |       |       ||    82
       Broad axe         |       |    82 |    17 |       |       ||    99
       Falchion          |       |       |   394 |   760 |   846 ||  2000
Throw: Tomahawk          |       |       |    10 |     1 |       ||    11
Invok: Depart the Abyss  |     1 |       |       |       |       ||     1
       Banish            |       |       |       |    10 |     3 ||    13
       Bend Space        |       |       |       |       |     1 ||     1
Evoke: Wand              |       |       |       |       |     1 ||     1
  Use: Scroll            |     3 |     6 |     7 |    15 |     7 ||    38
       Potion            |       |     2 |     7 |     6 |     8 ||    23
 Stab: Distracted        |       |       |       |     1 |       ||     1
  Eat: Chunk             |     6 |    31 |    47 |    84 |   127 ||   295
Armor: Leather armour    |    22 |     4 |       |       |       ||    26
       Chain mail        |       |   171 |   291 |   169 |       ||   631
       Plate armour      |       |       |       |   341 |   567 ||   908
Dodge: Dodged            |    16 |    38 |    52 |   103 |   107 ||   316
Block: Large shield      |    47 |   210 |   348 |   637 |   802 ||  2044
       Rpst.: Falchion   |       |       |    16 |    29 |    26 ||    71
